 Dungeon Crawl Stone Soup version 0.19.1-1-g22dce08 (webtiles) character file.

133 M4edhros the Ruffian (level 4, -3/45 HPs)
             Began as a Troll Berserker on Jan 4, 2017.
             Was a Believer of Trog.
             Splashed by Ijyb's acid (8 damage)
             ... on level 3 of the Dungeon.
             The game lasted 00:02:00 (518 turns).

M4edhros the Ruffian (Troll Berserker)               Turns: 518, Time: 00:02:01

Health: -3/45      AC:  1    Str: 25    XL:     4   Next: 94%
Magic:  3/3        EV: 11    Int:  3    God:    Trog [**....]
Gold:   74         SH:  0    Dex: 10    Spells: 0 memorised, 3 levels left

rFire  + . .     SeeInvis .       - Unarmed
rCold  . . .     Gourm    +     a - +0 animal skin
rNeg   . . .     Faith    .     (no shield)
rPois  .         Spirit   .     (helmet restricted)
rElec  .         Reflect  .     (no cloak)
rCorr  .         Harm     .     (gloves unavailable)
MR     .....                    (boots unavailable)
Stlth  +.........               (no amulet)
                                (no ring)
                                e - ring of protection from fire

@: corroded
A: unfitting armour, claws 3, fast metabolism 3, gourmand, regeneration 1,
shaggy fur 1, tough skin 2
a: Berserk, Trog's Hand, Burn Spellbooks, Renounce Religion


You were on level 3 of the Dungeon.
You worshipped Trog.
Trog was pleased with you.
You were completely stuffed.

You visited 1 branch of the dungeon, and saw 3 of its levels.

You collected 74 gold pieces.

Inventory:

Armour
 a - a +0 animal skin (worn)
Jewellery
 e - a ring of protection from fire (left claw)
Scrolls
 c - a scroll of blinking {unknown}
 d - a scroll of recharging {unknown}
 g - 2 scrolls of identify {unknown}
 j - a scroll of magic mapping {unknown}
Potions
 f - a potion of lignification {unknown}
 i - a potion of cancellation {unknown}
Comestibles
 b - 3 bread rations
 h - a meat ration


   Skills:
 + Level 3.3 Fighting
 + Level 3.4 Dodging
 + Level 4.0 Unarmed Combat


You had 3 spell levels left.
You didn't know any spells.

Dungeon Overview and Level Annotations

Branches:
Dungeon (3/15)

Altars:
Gozag

Annotations:
D:3 Ijyb


Innate Abilities, Weirdness & Mutations

You are too large for most types of armour.
You have claws for hands.
Your metabolism is lightning-fast.
You like to eat raw meat.
Your natural rate of healing is unusually fast.
You are covered in fur. (AC +1)
You have very tough skin. (AC +2)


Message History

Ijyb shouts!
The bat misses you.
Ijyb moves out of view.
Found a scroll labeled COEGUT LEIS.
You claw the bat!
You kill the bat!
Trog accepts your kill.
Ijyb zaps a wand.
The bolt of acid hits you!
You are splashed with acid!
The acid burns!
It is a wand of acid.
Ijyb zaps a wand.
The bolt of acid misses you.
You closely miss Ijyb. Ijyb hits you but does no damage.
You barely miss Ijyb. You claw Ijyb!
Ijyb is moderately wounded.
Ijyb hits you but does no damage.
You scratch Ijyb.
Ijyb is heavily wounded.
Ijyb zaps a wand.
The bolt of acid hits you!
* * * LOW HITPOINT WARNING * * *
The acid corrodes you!
You are splashed with acid!
The acid burns!
You die...

####### #.?...#
#[....### #....>..
#####.....#
#.......g.!.# #. #@.#
###.#######..#
............#
.........#.#
#.######.#.#####.
#.##.##..............
#.#......#...........
#.#..._....<.........
#.#......#.##.###..?#


You could see Ijyb.

Vanquished Creatures
  Jessica (D:3)
  2 orc wizards
  2 adders (D:2)
  A worm (D:2)
  6 orcs
  A ball python (D:2)
  A giant cockroach (D:1)
  2 goblins
  2 hobgoblins (D:2)
  4 jackals
  2 kobolds
  2 bats (D:3)
  2 frilled lizards
28 creatures vanquished.

Notes
Turn   | Place    | Note
-------+----------+-------------------------------------------
     0 | D:1      | M4edhros the Troll Berserker began the quest for the Orb.
     0 | D:1      | Reached XP level 1. HP: 22/22 MP: 0/0
   134 | D:2      | Reached XP level 2. HP: 25/29 MP: 1/1
   201 | D:3      | Found an opulent altar of Gozag.
   221 | D:3      | Noticed Jessica
   229 | D:2      | Reached XP level 3. HP: 21/36 MP: 2/2
   434 | D:2      | Reached ** piety under Trog
   434 | D:2      | Reached XP level 4. HP: 33/45 MP: 3/3
   466 | D:3      | Killed Jessica
   472 | D:3      | Reached skill level 4 in Unarmed Combat
   510 | D:3      | Noticed Ijyb
   518 | D:3      | Splashed by Ijyb's acid

Skill      XL: |  1  2  3  4 |
---------------+-------------+-----
Fighting       | 3 |  3.3
Dodging        | 3 |  3.4
Unarmed Combat | 4 |  4.0

Action                   |  1- 3 |  4- 6 || total
-------------------------+-------+-------++-------
Melee: Unarmed           |    63 |    20 ||    83
       Punch             |     1 |       ||     1
  Eat: Chunk             |     4 |     6 ||    10
Armor: Animal skin       |    24 |     9 ||    33
Dodge: Dodged            |    27 |    15 ||    42
